 Dungeon Crawl Stone Soup version 0.17-a0-1951-g62301d3 (webtiles) character file.

60 thegreysaint the Bolt Thrower (level 3, -8/29 HPs)
             Began as a Centaur Hunter on Oct 3, 2015.
             Killed by divine providence
             ... invoked by an orc priest
              (11 damage)
             ... on level 3 of the Dungeon.
             The game lasted 00:24:21 (2394 turns).

thegreysaint the Bolt Thrower (Centaur Hunter)      Turns: 2394, Time: 00:24:21

Health: -8/29      AC:  5    Str: 14    XL:     3   Next: 80%
Magic:  3/3        EV:  8    Int: 10    God:
Gold:   81         SH:  0    Dex: 10    Spells: 0 memorised, 2 levels left

rFire  . . .     SeeInvis .     a - +1 hand crossbow
rCold  . . .     Clarity  .     m - +0 ring mail
rNeg   . . .     SustAt   .     (no shield)
rPois  .         Gourm    .     (no helmet)
rElec  .         Spirit   .     (no cloak)
rCorr  .         Warding  .     (no gloves)
rMut   +         Stasis   .     (no barding)
MR     .....                    i - amulet of resist mutation
Stlth  ..........               (no ring)
                                (no ring)

@: very quick, not resistant to hostile enchantments, extremely unstealthy
A: hooves 3, deformed body, speed 2, tough skin 3
a: no special abilities


You were on level 3 of the Dungeon.
You were very hungry.

You visited 1 branch of the dungeon, and saw 3 of its levels.

You collected 81 gold pieces.

Inventory:

Hand weapons
 a - a +1 hand crossbow (weapon)
 c - a +0 short sword
 h - a cursed +0 dagger
Missiles
 k - 30 arrows
 o - 12 stones (quivered)
Armour
 d - a +0 leather armour
 m - a +0 ring mail (worn)
Jewellery
 i - an amulet of resist mutation (around neck)
Scrolls
 b - a scroll of identify {unknown}
 g - 2 scrolls of blinking {unknown}
 l - a scroll of remove curse {unknown}
Potions
 f - 2 potions of curing {unknown}
 j - a potion of lignification {unknown}
Comestibles
 e - 2 bread rations
 n - 2 chunks of flesh


   Skills:
 + Level 2.0 Fighting
 + Level 5.6 Crossbows
 + Level 0.4 Armour
 + Level 1.5 Dodging
 + Level 0.8 Stealth


You had 2 spell levels left.
You didn't know any spells.

Dungeon Overview and Level Annotations

Branches:
Dungeon (3/15)

Altars:

Annotations:
D:2 Terence


Innate Abilities, Weirdness & Mutations

You have hooves in place of feet.
Armour fits poorly on your strangely shaped body.
You cover ground very quickly.
You have extremely tough skin (AC +3).


Message History

The orc shouts!
The orc priest shouts!
The orc shouts!
The orc shouts!
Found 15 gold pieces.
Found a stone staircase leading down.
The orc priest moves out of view.
Found a scroll labeled MODITUSIORPH and a cyan potion.
b - a scroll labeled MODITUSIORPH The orc wizard casts a spell.
The orc wizard blinks!
f - 2 cyan potions (gained 1)
Found a scroll labeled MODITUSIORPH.
You found a teleport trap!
Really walk into that teleport trap?
You enter a teleport trap!
The teleport trap disappears.
Your surroundings suddenly seem different.
A hobgoblin, 4 orcs and an orc priest come into view.
The orc priest shouts!
The hobgoblin shouts!
The orc shouts!
The orc shouts!
The orc shouts!
Found a stone staircase leading up.
The orc priest calls down the wrath of Beogh upon you.
Something smites you!
You die...

.....$...o...
###................o
#<#................#
#####.#.....######.....#
......#.... #.....#
..o....... #......
......... #....##
........###### #....#
.......@.....# #....##
.###.........# #######
#..g..o...# ..
#.....o...# .?.
#...o.....# ...
#.....o...# .
#.........# #.........#
#.........#


You could see an orc priest, 4 orcs and a hobgoblin.

Vanquished Creatures
  2 adders (D:2)
  A worm (D:2)
  A giant cockroach (D:1)
  6 hobgoblins
  4 jackals
  5 bats
  2 giant geckos (D:1)
  6 goblins
  7 kobolds
  5 rats
39 creatures vanquished.

Notes
Turn   | Place    | Note
--------------------------------------------------------------
     0 | D:1      | thegreysaint the Centaur Hunter began the quest for the Orb.
     0 | D:1      | Reached XP level 1. HP: 17/17 MP: 1/1
   376 | D:1      | Reached XP level 2. HP: 24/24 MP: 2/2
   498 | D:1      | Reached skill level 5 in Crossbows
  1300 | D:2      | Reached XP level 3. HP: 29/29 MP: 3/3
  2126 | D:2      | Noticed Terence
  2351 | D:2      | HP: 1/29 [bat (1)]
  2357 | D:2      | HP: 1/29 [bat (1)]
  2394 | D:3      | Killed from afar by an orc priest

Vault maps used:
D:1:      elethiomel_arrival_maze, eino_curves_01, minmay_surrounded
D:2:      nemelex_dance_club_becter, uniq_crazy_yiuf_cottage, uniq_terence,
          uniq_natasha
D:3:      hangedman_ru_absence

Action                   || total
-------------------------++-------
Melee: Short sword       ||     9
 Fire: Hand crossbow     ||   112
Throw: Stone             ||     5
  Eat: Chunk             ||     2
